 Dungeon Crawl Stone Soup version 0.18.1-6-gd335043 (webtiles) character file.

295 inmateoo the Conjurer (level 5, -6/38 HPs)
             Began as a Demigod Conjurer on May 16, 2016.
             Killed by divine providence
             ... invoked by an orc priest
              (13 damage)
             ... on level 4 of the Dungeon.
             The game lasted 00:05:13 (2797 turns).

inmateoo the Conjurer (Demigod Conjurer)            Turns: 2797, Time: 00:05:14

Health: -6/38      AC:  4    Str: 11    XL:     5   Next: 86%
Magic:  4/12       EV: 13    Int: 21    God:
Gold:   176        SH:  0    Dex: 16    Spells: 2 memorised, 6 levels left

rFire  . . .     SeeInvis .     k - +1 trident
rCold  . . .     Gourm    .     q - +0 leather armour
rNeg   . . .     Faith    .     (no shield)
rPois  .         Spirit   .     (no helmet)
rElec  .         Dismiss  .     d - +0 cloak
rCorr  .         Reflect  .     (no gloves)
SustAt +         Harm     .     (no boots)
MR     .....                    (no amulet)
Stlth  ++........               (no ring)
                                (no ring)

@: not resistant to hostile enchantments, unstealthy
A: high mp 1, sustain attributes
a: no special abilities


You were on level 4 of the Dungeon.
You were hungry.

You visited 1 branch of the dungeon, and saw 4 of its levels.

You collected 176 gold pieces.

Inventory:

Hand Weapons
 f - a +0 short sword
 h - a +0 dagger
 k - a +1 trident (weapon)
Armour
 d - a +0 cloak (worn)
 q - a +0 leather armour (worn)
Scrolls
 a - a scroll of fog {unknown}
 e - a scroll of identify
 j - a scroll of remove curse
Potions
 i - 2 potions of flight
 l - a potion of lignification
 m - a potion of haste
 n - a potion of resistance {unknown}
 p - a potion of curing {unknown}
 r - a potion of agility {unknown}
Books
 b - a book of Conjurations

   Spells                             Type                      Level
   a - Magic Dart                     Conjuration                  1
   b - Searing Ray                    Conjuration                  2
   c - Dazzling Spray                 Conjuration/Hexes            3
   d - Fulminant Prism                Conjuration/Hexes            4
   e - Iskenderun's Mystic Blast      Conjuration                  4
   f - Iskenderun's Battlesphere      Conjuration/Charms           5
Comestibles
 c - 2 bread rations


   Skills:
 + Level 3.3 Dodging
 + Level 2.9 Stealth
 + Level 2.8 Spellcasting
 * Level 5.0 Conjurations


You had 6 spell levels left.
You knew the following spells:

 Your Spells              Type           Power        Failure   Level  Hunger
a - Magic Dart            Conj           ###.         2%          1    None
b - Searing Ray           Conj           ###...       3%          2    ##.....


Dungeon Overview and Level Annotations

Branches:
Dungeon (4/15)
 Temple: D:4-7

Annotations:
D:3 Sigmund


Innate Abilities, Weirdness & Mutations

You have an increased reservoir of magic (+10% MP).
Your attributes are resistant to harm.


Message History

Confirm with . or Enter, or press ? or * to list all spells.
Aiming: Searing Ray
Press: ? - help, Shift-Dir - straight line, f/p - orc priest
Aim: an orc priest, wielding a whip and wearing a chain mail (moderately wounded)
The searing ray hits the orc.
The orc is almost dead.
The orc priest invokes the aid of Beogh against you.
Beogh smites you!
Unknown command.
The searing ray hits the orc.
You kill the orc!
The orc priest calls down the wrath of Beogh upon you.
Beogh smites you!
* * * LOW HITPOINT WARNING * * *
Unknown command.
The searing ray hits the jackal.
The jackal is almost dead.
The orc priest mumbles some strange prayers to Beogh against you.
Beogh smites you!
You die...

### ###### #.#
#....o######.##
#....o.)h@.#..##
#.....####.....##
#...o† ##.......###...
...?...................
......####.##...####...
...... ...#....# .
^..... .#.##....##
#.#### .........#
..#.##.#..####


You could see an orc priest, an orc and a jackal.

Vanquished Creatures
  2 orc wizards (D:3)
  Jessica (D:2)
  Natasha (thrice) (D:3)
  8 adders
  A worm (D:3)
  A dart slug (D:1)
  9 orcs
  3 giant cockroaches
  6 goblins
  8 hobgoblins
  A jackal (D:4)
  6 kobolds
  A bat (D:2)
  6 rats
56 creatures vanquished.

Notes
Turn   | Place    | Note
--------------------------------------------------------------
     0 | D:1      | inmateoo the Demigod Conjurer began the quest for the Orb.
     0 | D:1      | Reached XP level 1. HP: 14/14 MP: 5/5
   348 | D:1      | Reached XP level 2. HP: 18/20 MP: 4/7
   535 | D:2      | Noticed Jessica
   543 | D:2      | Killed Jessica
   543 | D:2      | Reached XP level 3. HP: 5/26 MP: 1/8
   828 | D:2      | Reached skill level 4 in Conjurations
   832 | D:2      | Learned a level 2 spell: Searing Ray
  1425 | D:2      | Found a shimmering altar of Xom.
  1590 | D:3      | Reached XP level 4. HP: 30/33 MP: 10/10
  1616 | D:3      | Found a faded altar to an unknown god.
  1638 | D:3      | Noticed Natasha
  1645 | D:3      | Killed Natasha
  1981 | D:3      | Found an opulent altar of Gozag.
  2135 | D:3      | Reached XP level 5. HP: 38/38 MP: 5/11
  2185 | D:3      | Noticed Sigmund
  2259 | D:3      | Noticed Natasha
  2264 | D:3      | Killed Natasha
  2307 | D:3      | Noticed Natasha
  2309 | D:3      | Found a glowing golden altar of the Shining One.
  2315 | D:3      | Killed Natasha
  2645 | D:3      | Reached skill level 5 in Conjurations
  2797 | D:4      | Killed from afar by an orc priest

Skill      XL: |  1  2  3  4  5 |
---------------+----------------+-----
Dodging        | 2 3 |  3.3
Stealth        | 2 |  2.9
Spellcasting   | 2 |  2.8
Conjurations   | 4 5 |  5.0

Action                   |  1- 3 |  4- 6 || total
-------------------------+-------+-------++-------
Melee: Short sword       |    33 |       ||    33
       Trident           |    30 |    37 ||    67
 Cast: Magic Dart        |    18 |     8 ||    26
       Searing Ray       |     3 |    14 ||    17
  Use: Scroll            |       |     7 ||     7
 Stab: Sleeping          |       |     3 ||     3
  Eat: Chunk             |     2 |     4 ||     6
Armor: Robe              |    14 |     1 ||    15
       Leather armour    |       |     4 ||     4
Dodge: Dodged            |    37 |    30 ||    67
